AoeStats
← 739697286

Fortress

509604376Analyzed
4v4 RM · 6d ago on Sep 27, 2026· 37m 41s· 8 players
Game mode
Random Map
Map size
Huge
Population
200
Speed
Normal
Resources
Standard
Victory
Conquest
Starting age
Dark Age
Ending age
Imperial Age
RankedLock teamsTeams togetherTeam positionsShared explorationLock speedFull tech treeHidden civsTurbo modeCheats
Victory
Defeat
🇨🇳 Britons · China
1489
+15
🇷🇺 Saracens · Russia
1462
+16
🇮🇳 Franks · India
1430
+17
🇭🇰 Celts · Hong Kong SAR China
1404
+18
🇫🇷 Danes · France
1544
-19
🇸🇪 Maya · Sweden
1483
-18
🇫🇷 Turks · France
1412
-15
🇪🇸 Khmer · Spain
1392
-14
Freegan
1:51 Loom
2:52 Loom
7:15 Feudal Age
11:33 Castle Age
10:08 Double-Bit Axe
10:16 Horse Collar
11:02 Gold Mining
22:05 Pikeman
36:44 Wheelbarrow
Maverick
7:34 Feudal Age
11:08 Castle Age
9:04 Double-Bit Axe
12:06 Bow Saw
13:48 Loom
20:10 Wheelbarrow
23:17 Scale Barding Armor
25:05 Chain Barding Armor
24:56 Forging
24:46 Gold Mining
25:14 Hand Cart
28:53 Imperial Age
26:42 Husbandry
28:49 Gold Shaft Mining
29:55 Conscription
29:06 Cavalier
31:16 Plate Barding Armor
31:17 Iron Casting
30:38 Paladin
34:47 Blast Furnace
xxArMoRxx
6:38 Feudal Age
10:47 Castle Age
9:01 Double-Bit Axe
9:20 Horse Collar
13:14 Bow Saw
14:50 Loom
18:00 Wheelbarrow
19:32 Fletching
21:22 Bodkin Arrow
22:55 Forging
22:51 Scale Barding Armor
23:38 Town Watch
25:07 Hand Cart
25:28 Heavy Plow
29:35 Imperial Age
27:04 Gold Mining
27:04 Stone Mining
27:53 Iron Casting
28:57 Chain Barding Armor
30:36 Bloodlines
30:26 Husbandry
31:05 Plate Barding Armor
31:31 Blast Furnace
31:36 Elite Mameluke
33:31 Conscription
33:47 Hoardings
33:14 Bracer
34:35 Gold Shaft Mining
34:19 Counterweights
739697286
7:54 Feudal Age
11:54 Castle Age
9:57 Loom
9:59 Double-Bit Axe
10:08 Horse Collar
10:37 Gold Mining
13:13 Bow Saw
15:07 Heavy Plow
18:29 Man-at-Arms
20:29 Wheelbarrow
19:50 Fletching
20:00 Padded Archer Armor
19:51 Fletching
20:01 Padded Archer Armor
19:51 Fletching
20:01 Padded Archer Armor
19:51 Fletching
20:01 Padded Archer Armor
19:51 Fletching
20:01 Padded Archer Armor
20:57 Forging
21:37 Stone Mining
22:23 Gold Shaft Mining
23:20 Fletching
24:16 Leather Archer Armor
23:56 Bodkin Arrow
24:16 Leather Archer Armor
23:56 Bodkin Arrow
24:16 Leather Archer Armor
24:10 Bodkin Arrow
28:10 Imperial Age
25:03 Long Swordsman
25:44 Squires
25:49 Scale Mail Armor
25:46 Gambesons
25:48 Arson
27:22 Chain Mail Armor
27:42 Iron Casting
27:22 Chain Mail Armor
29:54 Conscription
28:59 Two-Handed Swordsman
29:20 Capped Ram
31:14 Blast Furnace
30:44 Plate Mail Armor
31:14 Blast Furnace
30:44 Plate Mail Armor
31:14 Blast Furnace
30:44 Plate Mail Armor
30:15 Bracer
31:48 Champion
35:27 Plate Mail Armor
34:58 Bracer
35:28 Ring Archer Armor
38:03 Chemistry
36:45 Elite Longbowman
ZanouX
7:27 Feudal Age
11:28 Castle Age
9:50 Horse Collar
10:00 Double-Bit Axe
13:25 Wheelbarrow
13:04 Bow Saw
17:38 Loom
18:15 Gold Mining
20:33 Scale Barding Armor
20:38 Forging
20:31 Husbandry
21:22 Bloodlines
24:10 Heavy Plow
31:03 Gold Shaft Mining
30:20 Stone Mining
35:07 Imperial Age
32:32 Fletching
33:49 Chain Barding Armor
34:05 Iron Casting
33:25 Bodkin Arrow
33:31 Padded Archer Armor
35:11 Bodkin Arrow
36:08 Conscription
36:17 Artillery
37:16 Caravan
[TETU] tachou
7:10 Feudal Age
10:43 Castle Age
8:53 Horse Collar
11:44 Scale Mail Armor
11:36 Double-Bit Axe
14:05 Squires
16:26 Arson
19:39 Forging
21:02 Chain Mail Armor
22:17 Iron Casting
29:35 Imperial Age
28:40 Loom
30:15 Onager
32:00 Plate Mail Armor
Stuve
8:24 Feudal Age
9:42 Double-Bit Axe
9:56 Horse Collar
12:37 Castle Age
12:49 Fletching
12:59 Padded Archer Armor
DK_MaCiro
6:31 Feudal Age
6:57 Double-Bit Axe
6:58 Horse Collar
11:47 Castle Age
12:22 Wheelbarrow
16:34 Bow Saw
18:21 Hand Cart
18:52 Heavy Plow
21:28 Loom
21:29 Town Watch
22:10 Gold Mining
22:12 Stone Mining
24:02 Gold Shaft Mining
24:03 Stone Shaft Mining
27:17 Imperial Age
26:02 Scale Barding Armor
26:07 Forging
26:26 Husbandry
26:37 Bloodlines
27:31 Chain Barding Armor
28:02 Tusk Swords
28:25 Conscription
28:43 Iron Casting
28:08 Elite Battle Elephant
35:51 Crop Rotation
Connection lost

Rejoining the realm…

Still unreachable

The connection could not be restored.

Session expired

The server has moved on; the page needs a fresh start.